 Dungeon Crawl Stone Soup version 0.25-a0-98-g0cf78c2f83 (webtiles) character file.

Game seed: 10904505818119322290, levelgen mode: deterministic

1633007 Shinah the Conqueror (level 27, 298/300 HPs)
             Began as a Hill Orc Fighter on Nov 12, 2019.
             Was the Champion of Okawaru.
             Escaped with the Orb
             ... and 3 runes on Nov 13, 2019!
             The game lasted 04:31:21 (83122 turns).

Shinah the Conqueror (Hill Orc Fighter)            Turns: 83122, Time: 04:31:22

Health: 298/300    AC: 47    Str: 31      XL:     27
Magic:  34/36      EV: 12    Int: 13 (14) God:    Okawaru [******]
Gold:   7151       SH: 17    Dex: 17 (18) Spells: 32/44 levels left

rFire    + . .     SeeInvis .   b - +9 broad axe (holy)
rCold    + . .     Gourm    .   x - +3 warlock's mirror {reflect}
rNeg     . . .     Faith    .   q - +6 gold dragon scales
rPois    +         Spirit   .   v - +2 helmet {Int+3}
rElec    .         Reflect  +   H - +0 cloak {MR+}
rCorr    .         Harm     .   O - +2 pair of gloves {archery}
MR       +++..                  h - +2 pair of boots {run}
Stlth    ..........             k - +5 amulet of reflection
HPRegen  0.60/turn              g - ring "Atootwaock" {Dex+6 Slay+2}
MPRegen  0.25/turn              w - +5 ring of slaying

@: quick
A: slimy green scales 2, agile 1, clever 1, robust 1, subdued magic 1
0: Orb of Zot
}: 3/15 runes: serpentine, barnacled, silver
a: Heroism, Finesse, Renounce Religion


You escaped.
You worshipped Okawaru.
Okawaru was exalted by your worship.
You were not hungry.

You visited 11 branches of the dungeon, and saw 53 of its levels.
You also visited: Ossuary, Bailey, Ice Cave, Volcano and Wizlab.

You collected 10219 gold pieces.
You spent 3068 gold pieces at shops.

Inventory:

Hand Weapons
 a - a +9 broad axe of freezing
 b - a +9 broad axe of holy wrath (weapon)
 I - the +1 broad axe of Puymeobly {flame, rElec rPois MR+ Int-3}
   (You found it on level 5 of the Vaults)

   It has been specially enchanted to burn those struck by it, causing extra
   injury to most foes and up to half again as much damage against particularly
   susceptible opponents.
   Big, fiery blades are also staple armaments of hydra-hunters.
   It affects your intelligence (-3).
   It insulates you from electricity.
   It protects you from poison.
   It affects your resistance to hostile enchantments.
Missiles
 l - 26 curare-tipped darts
 n - 16 silver javelins (quivered)
 B - 8 throwing nets
 X - 30 javelins
Armour
 h - a +2 pair of boots of running (worn)
 q - +6 gold dragon scales (worn)
 v - a +2 helmet of intelligence (worn)
 x - the +3 warlock's mirror (worn) {reflect}
   (You found it on level 5 of the Vaults)
 H - a +0 cloak of magic resistance (worn)
 N - a +2 cloak of fire resistance
 O - a +2 pair of gloves of archery (worn)
Jewellery
 g - the ring "Atootwaock" (left hand) {Dex+6 Slay+2}
   (You found it on level 3 of the Elven Halls)

   [ring of dexterity]

   It affects your dexterity (+6).
   It affects your accuracy and damage with ranged weapons and melee attacks
   (+2).
 k - a +5 amulet of reflection (around neck)
 m - an uncursed ring of protection from fire
 o - an uncursed ring of protection from cold
 w - a +5 ring of slaying (right hand)
 P - an uncursed ring of positive energy
 S - an uncursed ring of resist corrosion
 U - the ring "Puiw" {Ice Str+2 SInv}
   (You found it on level 4 of the Shoals)

   [ring of ice]

   It enhances your ice magic.
   It affects your strength (+2).
   It makes you vulnerable to fire.
   It protects you from cold.
   It lets you see invisible.
Wands
 c - a wand of clouds (4)
 G - a wand of iceblast (19)
 V - a wand of digging (26)
 Y - a wand of acid (18)
Scrolls
 e - a scroll of summoning
 j - 29 scrolls of remove curse
 t - 7 scrolls of magic mapping
 z - 31 scrolls of teleportation
 F - 3 scrolls of blinking
 J - 4 scrolls of fear
 M - 4 scrolls of silence
 T - 10 scrolls of identify
 Z - 3 scrolls of fog
Potions
 d - 4 potions of resistance
 i - 13 potions of curing
 p - 5 potions of magic
 r - 2 potions of invisibility
 s - a potion of agility
 u - 3 potions of haste
 A - a potion of cancellation
 C - 5 potions of berserk rage
 E - 11 potions of brilliance
 K - 6 potions of might
 Q - 7 potions of heal wounds
Miscellaneous
 y - a box of beasts
 L - a lamp of fire
 W - 4 phantom mirrors
Comestibles
 f - 69 rations


   Skills:
 O Level 27 Fighting
   Level 0.1 Long Blades
 - Level 19.9(20.0) Axes
   Level 2.1(11.8) Polearms
 - Level 22.0 Throwing
 - Level 23.0 Armour
 - Level 6.9 Dodging
 + Level 17.3 Shields
 - Level 0.5 Unarmed Combat
 - Level 9.2 Spellcasting
 - Level 8.1 Charms
 - Level 7.0 Necromancy
 - Level 4.8 Transmutations
 * Level 14.2 Earth Magic
 - Level 12.1 Invocations
 - Level 9.4 Evocations


You had 32 spell levels left.
You knew the following spells:

 Your Spells              Type           Power        Failure   Level  Hunger
a - Song of Slaying       Chrm           ###.....     3%          2    None
b - Regeneration          Chrm/Necr      ###.......   10%         3    ##.....
c - Passwall              Tmut/Erth      ###.....     1%          2    None
d - Borgnjor's Vile Clut  Necr/Erth      ####......   26%         5    #####..

Your spell library contained the following spells:

 Spells                   Type           Power        Failure   Level  Hunger
 Sandblast                Erth           ####..       1%          1    None
 Infusion                 Chrm           ###.         2%          1    None
 Animate Skeleton         Necr           N/A          3%          1    None
 Pain                     Necr           ###.         3%          1    None
 Sublimation of Blood     Necr           ###.......   5%          2    None
 Lee's Rapid Deconstruct  Erth           ####......   5%          5    #####..
 Stone Arrow              Conj/Erth      ###...       12%         3    ##.....
 Vampiric Draining        Necr           ###.......   12%         3    ##.....
 Petrify                  Tmut/Erth      ###.....     14%         4    ####...
 Shroud of Golubria       Chrm/Tloc      ##....       21%         2    None
 Swiftness                Chrm/Air       ##......     21%         2    None
 Leda's Liquefaction      Hex/Erth       ###.......   36%         4    ####...
 Spectral Weapon          Hex/Chrm       ##......     38%         3    ##.....
 Animate Dead             Necr           N/A          38%         4    ####...
 Apportation              Tloc           #.....       61%         1    None
 Confusing Touch          Hex            #.....       61%         1    None
 Corona                   Hex            #......      61%         1    None
 Flame Tongue             Conj/Fire      #....        61%         1    None
 Magic Dart               Conj           #...         61%         1    None
 Shock                    Conj/Air       #...         61%         1    None
 Sting                    Conj/Pois      #...         61%         1    None
 Summon Butterflies       Summ           #.......     61%         1    None
 Summon Small Mammal      Summ           #...         61%         1    None
 Blink                    Tloc           N/A          75%         2    None
 Call Imp                 Summ           #.......     75%         2    None
 Ensorcelled Hibernation  Hex/Ice        #.....       75%         2    None
 Poisonous Vapours        Pois/Air       #.....       75%         2    None
 Slow                     Hex            #.......     75%         2    None
 Throw Flame              Conj/Fire      #.....       75%         2    None
 Ignite Poison            Fire/Tmut/Pois #.......     75%         3    ##.....
 Call Canine Familiar     Summ           #.......     93%         3    ##.....
 Confuse                  Hex            #.......     93%         3    ##.....
 Conjure Flame            Conj/Fire      #.......     93%         3    ##.....
 Dazzling Spray           Conj/Hex       #.....       93%         3    ##.....
 Gell's Gravitas          Tloc           #.........   93%         3    ##.....
 Inner Flame              Hex/Fire       #.......     93%         3    ##.....
 Mephitic Cloud           Conj/Pois/Air  #.......     93%         3    ##.....
 Portal Projectile        Hex/Tloc       #.....       93%         3    ##.....
 Recall                   Summ/Tloc      N/A          93%         3    ##.....
 Static Discharge         Conj/Air       #.......     93%         3    ##.....
 Summon Guardian Golem    Hex/Summ       #.......     93%         3    ##.....
 Tukima's Dance           Hex            #.......     93%         3    ##.....
 Statue Form              Tmut/Erth      ###......    93%         6    #######
 Ice Form                 Ice/Tmut       #.......     96%         4    ####...
 Bolt of Magma            Conj/Fire/Erth ##........   97%         5    #####..
 Airstrike                Air            #.........   100%        4    ####...
 Cause Fear               Hex            #.........   100%        4    ####...
 Force Lance              Conj/Tloc      #.......     100%        4    ####...
 Olgreb's Toxic Radiance  Pois           #.......     100%        4    ####...
 Sticky Flame             Conj/Fire      #.......     100%        4    ####...
 Summon Ice Beast         Ice/Summ       #.......     100%        4    ####...
 Summon Lightning Spire   Summ/Air       #.......     100%        4    ####...
 Alistair's Intoxication  Tmut/Pois      #.......     100%        5    #####..
 Fireball                 Conj/Fire      #.........   100%        5    #####..
 Irradiate                Conj/Tmut      #.........   100%        5    #####..
 Lightning Bolt           Conj/Air       #.........   100%        5    #####..
 Metabolic Englaciation   Hex/Ice        #.........   100%        5    #####..
 Silence                  Hex/Air        #.........   100%        5    #####..
 Summon Mana Viper        Hex/Summ       #.......     100%        5    #####..
 Venom Bolt               Conj/Pois      #.........   100%        5    #####..
 Yara's Violent Unravell  Hex/Tmut       #.........   100%        5    #####..
 Bolt of Cold             Conj/Ice       #.........   100%        6    #######
 Conjure Ball Lightning   Conj/Air       #.........   100%        6    #######
 Darkness                 Hex            #.........   100%        6    #######
 Death Channel            Necr           ###.......   100%        6    #######
 Deflect Missiles         Chrm/Air       ##........   100%        6    #######
 Dispersal                Tloc           #.........   100%        6    #######
 Freezing Cloud           Conj/Ice/Air   #.........   100%        6    #######
 Invisibility             Hex            #.......     100%        6    #######
 Iron Shot                Conj/Erth      ###.......   100%        6    #######
 Ozocubu's Refrigeration  Ice            #.........   100%        6    #######
 Simulacrum               Ice/Necr       ##........   100%        6    #######
 Haunt                    Necr/Summ      ##........   100%        7    #######
 Ring of Flames           Chrm/Fire      ##........   100%        7    #######
 Summon Hydra             Summ           #.........   100%        7    #######
 Borgnjor's Revivificati  Necr           ###.......   100%        8    #######
 Controlled Blink         Tloc           N/A          100%        8    #######
 Death's Door             Chrm/Necr      ###.......   100%        8    #######
 Discord                  Hex            #.........   100%        8    #######
 Disjunction              Tloc           #.........   100%        8    #######
 Infestation              Necr           ###.......   100%        8    #######
 Necromutation            Tmut/Necr      ###.......   100%        8    #######
 Dragon's Call            Summ           #.........   100%        9    #######
 Shatter                  Erth           ####......   100%        9    #######
 Tornado                  Air            #.........   100%        9    #######
 Passage of Golubria      Tloc           Unusable     N/A         4    N/A

Dungeon Overview and Level Annotations

Branches:
Dungeon (15/15)            Temple (1/1) D:6            Lair (6/6) D:11
 Shoals (4/4) Lair:3        Snake (4/4) Lair:2        Slime (0/5) Lair:6
    Orc (2/2) D:11            Elf (3/3) Orc:2        Vaults (5/5) D:14
  Crypt (3/3) Vaults:2       Tomb (0/3) Crypt:3      Depths (5/5) D:15
    Zot (5/5) Depths:5    Ossuary (visited)          Bailey (visited)
  IceCv (visited)         Volcano (visited)          WizLab (visited)

Altars:
Ashenzari
Cheibriados
Dithmenos
Elyvilon
Fedhas
Gozag
Hepliaklqana
Kikubaaqudgha
Makhleb
Nemelex Xobeh
Okawaru
Qazlal
Ru
Sif Muna
Trog
Uskayaw
Vehumet
Wu Jian
Xom
Yredelemnul
Zin
The Shining One
Beogh
Jiyva

Shops:
D:7 (   Orc:2 }=([   Elf:1 *%[(?   Elf:2 }==   Elf:3 %(   Vaults:3 (
Vaults:4 [   Vaults:5 ?

Portals:
Hell: Depths:1 Depths:2 Depths:3 Depths:4 Depths:5
Abyss: Depths:4
Pandemonium: Depths:1 Depths:2 Depths:3 Depths:5
Ziggurat: Depths:5
Trove: D:13 (give 5 potions of resistance)

Annotations:
D:3 exclusion: downstairs
D:13 exclusion: downstairs
Lair:4 2 runed translucent doors, Afaug's ghost, journeyman MiFi
Shoals:4 2 transporters, p0werm0de's ghost, adept DDFi


Innate Abilities, Weirdness & Mutations

You are mostly covered in slimy green scales. (AC +3)
You are agile. (Dex +2)
Your mind is acute. (Int +2)
You are robust. (+10% HP)
Your spells are a little easier to cast, but a little less powerful.


Message History

Press: ? - help, Dir - move target cursor A rock wall.
This square is covered in magical glow.
You begin to meditate on the wall.
You continue meditating on the rock.
Your extra speed is starting to run out.
You continue meditating on the rock.
You finish merging with the rock.
Casting: Passwall (safe; 1% risk of failure)
Confirm with . or Enter, or press ? or * to list all spells.
Aiming: Passwall (safe; 1% risk of failure)
Press: ? - help, Dir - move target cursor A rock wall.
This square is covered in magical glow.
You begin to meditate on the wall.
You continue meditating on the rock. x2
You finish merging with the rock.
You feel yourself slow down.
There is a staircase leading out of the dungeon here.
You can't go down here!
Unknown command.
You have escaped!

...†.### #.........## #....####
.......####.........#####.#####..
.....#....................# #..
......#####...........#########..
####..# #......................
####..# #...#####..#####....#..
......## ##...#...#..#...#....#..
####...###....#...#..#...#....#..
#..........#.@.'..'...#.......
#..........#...#..#...#.......
#..........#...####...#.....##
####..........################...
..##.............##..##...###....
..........###..............##....
###...#..........##..##..........
#...........##÷#########..#....
#...........#...####...#>......


There were no monsters in sight!

Vanquished Creatures
  Mennas (Depths:5)
  10 ancient liches
  6 orbs of fire
  Mara (Shoals:3)
  Sojobo (Vaults:4)
  Boris (thrice) (Crypt:2 Depths:3 Depths:4)
  5 Killer Klowns
  Bai Suzhen (Shoals:3)
  Frederick (Vaults:4)
  The ghost of Bazurgheq the Ninja, a legendary SpAs of Dithmenos (Zot:2)
  7 golden dragons
  3 curse toes (Zot:3)
  Jory (Crypt:3)
  A bone dragon (Depths:5)
  2 electric golems
  2 liches
  A shard shrike zombie (Crypt:3)
  Rupert (D:14)
  3 deep elf blademasters
  25 Orb Guardians (Zot:5)
  24 tentacled monstrosities
  6 titans (Vaults:5)
  6 quicksilver dragons
  A deep elf master archer (Elf:3)
  6 death cobs
  An Executioner (D:13)
  2 ancient champions
  A sphinx (Vaults:4)
  3 shadow dragons
  6 nagarajas
  A warmonger (Zot:3)
  Donald (Orc:2)
  8 draconian monks
  6 tengu reavers
  14 storm dragons
  2 revenants (Crypt:1)
  14 fire giants
  7 frost giants
  3 orc warlords
  8 draconian knights
  6 draconian scorchers
  A deep elf sorcerer (Elf:3)
  The ghost of Bopezi the Thaumaturge, an adept VSAs of Kikubaaqudgha (Snake:3)
  20 vault wardens
  Aizul (Snake:1)
  8 deep elf elementalists
  3 draconian annihilators
  A reaper (Depths:2)
  5 draconian shifters
  A blood saint (Depths:5)
  A war gargoyle (Vaults:5)
  19 ironheart preservers
  22 very ugly things
  4 entropy weavers
  18 stone giants
  2 draconian stormcallers
  8 deep elf demonologists
  13 vampire knights
  A lorocyproca (Zot:3)
  16 green draconians
  Nessos (D:14)
  9 black draconians
  8 deep elf annihilators (Elf:3)
  A black sun (Depths:5)
  10 purple draconians
  8 yellow draconians
  12 red draconians
  9 white draconians
  2 spark wasps (Depths:4)
  5 eidola
  2 blizzard demons
  A green death (Depths:5)
  2 merfolk javelineers (Shoals:4)
  8 deep elf death magi
  A quicksilver dragon zombie (Crypt:3)
  19 ettins
  Snorg (D:14)
  19 yaktaur captains
  9 jiangshi
  A merfolk impaler (Shoals:4)
  12 fire dragons
  7 great orbs of eyes
  2 rakshasas
  5 deep elf high priests
  Harold (D:9)
  Fannar (Lair:3)
  2 hell beasts
  23 ogre magi
  23 naga warriors
  The ghost of Ditsoc the Cleaver, a journeyman DsFi of Okawaru (Orc:1)
  39 vault guards
  11 hydras
  11 ice dragons
  Erica (D:8)
  3 alligator snapping turtles (Shoals:4)
  3 spriggan air magi
  9 anacondas
  59 two-headed ogres
  13 centaur warriors
  4 merfolk aquamancers
  3 merfolk avatars
  3 catoblepae
  A queen ant (Lair:5)
  8 vampire magi
  3 death knights
  11 deep troll earth magi
  7 deep troll shamans
  4 tengu warriors
  28 dancing weapons
  15 death yaks
  2 orc high priests
  15 naga sharpshooters
  2 titan zombies
  7 shock serpents
  6 spriggan berserkers
  2 storm dragon zombies
  A soul eater (Depths:2)
  3 iron trolls (Depths:3)
  15 skeletal warriors
  A titan skeleton (Vaults:4)
  19 deep elf knights
  3 salamander mystics
  An iron troll (shapeshifter) (Vaults:5)
  4 shadow wraiths
  2 sixfirhies
  2 anaconda zombies
  A gelid demonspawn (Depths:1)
  6 hell knights
  45 deep trolls
  5 glowing orange brains
  A storm dragon skeleton (Vaults:1)
  4 unseen horrors
  2 infernal demonspawn
  A shadow demon (Zot:1)
  A golden dragon zombie (Crypt:2)
  15 sea snakes
  5 wizards
  3 flayed ghosts
  A torturous demonspawn (Depths:1)
  12 deep elf archers
  7 naga ritualists
  14 phantasmal warriors
  10 harpies
  20 ironbrand convokers
  8 necromancers
  3 lindwurms (Lair:6)
  19 orc knights
  4 oklob plants (Lair:6)
  3 mana vipers
  62 deep elf magi
  A sphinx zombie (Vaults:4)
  A frost giant zombie (WizLab)
  8 orc sorcerers
  A shadow dragon skeleton (Crypt:1)
  7 wolf spiders
  5 stone giant zombies
  21 salamanders
  A fire giant zombie (Vaults:4)
  21 manticores
  4 fauns (Shoals:1)
  A shining eye (shapeshifter) (Depths:4)
  33 slime creatures
  29 moths of wrath
  7 cyclopes
  35 ugly things
  A toenail golem (Zot:2)
  A stone giant skeleton (Vaults:4)
  15 elephants (Lair:6)
  37 black mambas
  5 merfolk sirens
  Maurice (D:12)
  An iron dragon skeleton (Crypt:2)
  22 vault sentinels
  2 human skeletons
  A demonspawn zombie (WizLab)
  4 water nymphs
  4 guardian serpents
  19 naga magi
  An alligator snapping turtle zombie (Crypt:2)
  2 molten gargoyles (Volcano)
  2 ice statues (IceCv)
  An orange demon (Depths:5)
  Psyche (D:9)
  5 torpor snails (Lair:6)
  2 rust devils
  3 gargoyles
  A smoke demon (Depths:4)
  A green draconian zombie (Crypt:3)
  5 komodo dragons
  17 spiny frogs
  62 yaktaurs
  4 kobold demonologists
  A tormentor (Depths:4)
  An alligator snapping turtle skeleton (Crypt:1)
  15 ice devils
  A hellwing (Depths:1)
  6 freezing wraiths
  A sea snake skeleton (Crypt:1)
  5 tengu conjurers
  2 meliai (shapeshifter)
  3 red devils
  A redback zombie (Crypt:1)
  A wind drake (Shoals:4)
  4 guardian mummies (WizLab)
  A tengu simulacrum (Vaults:1)
  An iron troll skeleton (Crypt:2)
  2 trolls (shapeshifter)
  2 harpy zombies
  6 trolls
  A polar bear (Lair:6)
  15 merfolk
  3 tyrant leeches (Lair:6)
  13 hornets
  7 snapping turtles
  A sphinx simulacrum (Vaults:1)
  An ettin zombie (WizLab)
  11 dream sheep
  19 blink frogs
  A blink frog (shapeshifter) (Elf:3)
  A meliai zombie (D:12)
  12 hippogriffs
  3 air elementals
  A spriggan (Depths:2)
  A fire dragon zombie (Crypt:3)
  A human simulacrum (Vaults:2)
  A ynoxinul (Depths:3)
  An ettin skeleton (Vaults:4)
  31 flying skulls
  2 redbacks (Vaults:1)
  A redback (shapeshifter) (Vaults:3)
  A spriggan (shapeshifter) (D:15)
  16 vampires (Crypt:3)
  A guardian serpent skeleton (Crypt:2)
  5 wyverns
  A black mamba zombie (Crypt:3)
  12 wraiths
  6 shadows
  14 yaks
  20 water elementals
  2 fire elementals
  A human (shapeshifter) (Vaults:2)
  20 fire bats
  8 basilisks
  A yak (shapeshifter) (Elf:1)
  2 chaos spawn
  A hungry ghost (D:10)
  A yaktaur simulacrum (Vaults:1)
  A black mamba skeleton (Crypt:3)
  5 neqoxecs
  2 acid dragons (Vaults:2)
  A large abomination (Depths:5)
  19 soldier ants
  75 nagas
  A tengu zombie (WizLab)
  14 wargs
  An infernal demonspawn skeleton (Crypt:2)
  A floating eye (Depths:2)
  8 porcupines
  17 water moccasins
  A floating eye (shapeshifter) (Depths:2)
  A spiny frog zombie (Crypt:3)
  5 hell hounds
  A blink frog zombie (Crypt:1)
  2 eyes of draining
  2 black bears
  2 ice beasts
  A hornet zombie (D:8)
  An ice dragon simulacrum (Crypt:1)
  3 phantoms
  3 sky beasts
  A snapping turtle zombie (Crypt:1)
  11 wolves
  63 orc warriors
  A necrophage (D:12)
  54 ogres
  7 boggarts
  A snapping turtle skeleton (Crypt:1)
  A hog zombie (Crypt:1)
  21 centaurs
  10 crocodiles
  2 big kobolds (D:12)
  A yaktaur zombie (WizLab)
  A rime drake skeleton (Crypt:1)
  17 bullfrogs
  A wyvern zombie (Ossuary)
  6 earth elementals
  2 water moccasin zombies
  3 scorpions
  A water moccasin skeleton (D:4)
  A wyvern skeleton (D:12)
  3 killer bees (D:9)
  21 wights
  7 howler monkeys
  7 electric eels
  A spriggan skeleton (Crypt:2)
  9 crimson imps
  8 lava snakes (Volcano)
  7 quasits
  5 bullfrog zombies
  2 bullfrog skeletons
  2 centaur zombies
  5 hounds
  5 jellies
  A human zombie (Crypt:1)
  25 orc priests
  6 centaur skeletons
  An iron imp (Depths:2)
  Terence (D:2)
  An iguana (D:11)
  20 orc wizards
  39 worker ants
  2 killer bee zombies (Ossuary)
  A sky beast zombie (Crypt:1)
  An ogre zombie (Crypt:3)
  A dwarf skeleton (Crypt:3)
  6 hound zombies
  A hound skeleton (D:8)
  11 mummies (Ossuary)
  7 worker ant zombies
  11 gnolls
  18 adders
  4 shadow imps
  10 white imps
  A worker ant simulacrum (D:11)
  An ufetubus (IceCv)
  An ooze (D:4)
  2 adder skeletons
  4 adder zombies (Ossuary)
  4 worms
  A dart slug (D:1)
  6 leopard geckos
  123 orcs
  A bat zombie (Crypt:3)
  3 giant cockroaches (D:1)
  16 goblins
  8 hobgoblins
  4 jackals (D:1)
  3 quokkas
  100 bats
  5 frilled lizards
  A giant cockroach zombie (Ossuary)
  A gnoll zombie (Crypt:2)
  A jackal skeleton (D:4)
  8 kobolds
  A kobold zombie (Crypt:1)
  A leopard gecko skeleton (D:8)
  2 leopard gecko zombies (Ossuary)
  2 quokka zombies (Ossuary)
  7 rats
  3 crawling corpses (Vaults:5)
  5 fungi
  17 plants
2765 creatures vanquished.

Vanquished Creatures (collateral kills)
  Boris (Depths:1)
  An ancient champion (Crypt:1)
  A shadow dragon (Depths:1)
  A revenant (Crypt:2)
  A frost giant (Depths:2)
  A stone giant (Depths:1)
  4 vampire knights (Crypt:3)
  A black sun (Zot:3)
  A jiangshi (Crypt:1)
  A deep elf death mage (Crypt:3)
  A mummy priest (WizLab)
  A deep elf high priest (Depths:2)
  2 ice dragons (Depths:2)
  A centaur warrior (Depths:4)
  A spriggan air mage (Depths:3)
  A death yak (Depths:3)
  2 two-headed ogres (Depths:1)
  A deep troll earth mage (Depths:3)
  3 deep troll shamans (Depths:3)
  2 vampire magi
  A titan zombie (WizLab)
  A hell knight (Depths:2)
  6 skeletal warriors
  A soul eater (Crypt:1)
  A glowing orange brain (Depths:3)
  A salamander mystic (Depths:4)
  A spark wasp zombie (Crypt:2)
  An infernal demonspawn (Zot:3)
  A deep troll (Depths:3)
  A gelid demonspawn (Zot:3)
  2 golden dragon zombies (Crypt:3)
  A phantasmal warrior (Crypt:3)
  2 ugly things
  A necromancer (Crypt:1)
  A slime creature (Depths:3)
  2 salamanders
  A frost giant zombie (Crypt:3)
  A fire giant zombie (Crypt:3)
  A frost giant skeleton (Crypt:1)
  5 yaktaurs (Depths:3)
  A yaktaur zombie (WizLab)
  2 guardian mummies (WizLab)
  A fire dragon zombie (WizLab)
  A harpy skeleton (Crypt:1)
  A flying skull (Crypt:1)
  A black mamba zombie (Crypt:3)
  A water elemental (Depths:3)
  3 vampires (Crypt:3)
  A tyrant leech zombie (Crypt:3)
  2 wraiths (Crypt:1)
  A neqoxec (Depths:2)
  A snapping turtle zombie (Crypt:2)
  2 ogres (Depths:1)
  A rime drake skeleton (Crypt:3)
  A wyvern zombie (Crypt:3)
  A wight (Crypt:3)
  A white imp (Depths:1)
82 creatures vanquished.

Vanquished Creatures (others)
  3 liches
  A deep elf master archer (Elf:3)
  3 stone giants
  A red draconian (Zot:1)
  2 yaktaur captains
  3 centaur warriors
  A satyr (Shoals:4)
  2 naga sharpshooters (Snake:3)
  3 deep elf archers
  2 cyclopes (Vaults:2)
  2 fauns (Shoals:1)
  A manticore (Shoals:4)
  A naga mage (Snake:1)
  7 yaktaurs
  A merfolk (Shoals:4)
  A water elemental (Shoals:4)
  An orc warrior (Orc:1)
  An ogre (Vaults:5)
  3 centaurs
  4 white imps (IceCv)
  4 ufetubi (IceCv)
  A leopard gecko (D:6)
  2 orcs
  A block of ice (D:14)
  8 fungi
  45 plants
  2 withered plants (Ossuary)
106 creatures vanquished.

Grand Total: 2953 creatures vanquished

Notes
Turn   | Place    | Note
-------+----------+-------------------------------------------
     0 | D:1      | Shinah the Hill Orc Fighter began the quest for the Orb.
     0 | D:1      | Reached XP level 1. HP: 19/19 MP: 1/1
   105 | D:1      | Reached XP level 2. HP: 23/27 MP: 2/2
   335 | D:1      | Reached skill level 4 in Fighting
   513 | D:1      | Reached XP level 3. HP: 33/33 MP: 3/3
   685 | D:2      | Noticed Terence
   701 | D:2      | Killed Terence
   925 | D:1      | Reached XP level 4. HP: 37/41 MP: 4/4
  1347 | D:2      | Found a hazy altar of Hepliaklqana.
  1511 | D:3      | Found a white marble altar of Elyvilon.
  1914 | D:3      | Found a bloodstained altar of Trog.
  1939 | D:3      | Reached XP level 5. HP: 46/47 MP: 5/5
  2137 | D:3      | Found a shimmering blue altar of Sif Muna.
  2137 | D:3      | Found a radiant altar of Vehumet.
  2174 | D:4      | Found a bloodstained altar of Trog.
  2174 | D:4      | Noticed an eye of draining
  2206 | D:4      | Killed an eye of draining
  2206 | D:4      | Reached skill level 1 in Axes
  2206 | D:4      | Reached XP level 6. HP: 45/55 MP: 0/6
  2288 | D:4      | Reached skill level 5 in Shields
  2335 | D:4      | Reached skill level 5 in Fighting
  2335 | D:4      | Reached skill level 5 in Armour
  3092 | D:5      | Entered Level 5 of the Dungeon
  3170 | D:5      | Reached XP level 7. HP: 27/61 MP: 7/7
  3490 | D:5      | Found a shimmering altar of Xom.
  3544 | D:5      | Found a shadowy altar of Dithmenos.
  3575 | D:5      | Reached skill level 5 in Axes
  4715 | D:5      | Reached XP level 8. HP: 57/69 MP: 8/8
  4725 | D:5      | Reached skill level 1 in Throwing
  5055 | D:5      | Found a glowing golden altar of the Shining One.
  5057 | D:5      | Found a glowing silver altar of Zin.
  5346 | D:5      | Found a snail-covered altar of Cheibriados.
  5346 | D:5      | Found a bloodstained altar of Trog.
  5348 | D:5      | Found a shattered altar of Ashenzari.
  5348 | D:5      | Found a hide-covered altar of Uskayaw.
  5348 | D:5      | Found a shimmering altar of Xom.
  5855 | D:6      | Found a staircase to the Ecumenical Temple.
  5968 | Temple   | Entered the Ecumenical Temple
  6148 | Temple   | Became a worshipper of Warmaster Okawaru
  6187 | D:6      | Reached skill level 6 in Fighting
  7574 | D:6      | Reached XP level 9. HP: 54/75 MP: 9/9
  7856 | D:7      | Reached * piety under Okawaru
  8011 | D:7      | Reached skill level 1 in Invocations
  8275 | D:7      | Reached ** piety under Okawaru
  8595 | D:7      | Found Esich's Weapon Shoppe.
  8847 | D:8      | Noticed Erica
  8864 | D:8      | Killed Erica
  8864 | D:8      | Reached *** piety under Okawaru
  8864 | D:8      | Reached skill level 7 in Fighting
  8864 | D:8      | Reached skill level 10 in Axes
  8864 | D:8      | Reached XP level 10. HP: 68/86 MP: 10/13
  8865 | D:8      | Found a sparkling altar of Nemelex Xobeh.
  8952 | D:8      | Found a sand-covered staircase.
  9018 | Ossuary  | Entered an ossuary
  9197 | Ossuary  | Reached skill level 5 in Invocations
  9651 | D:8      | Paralysed by a hornet for 1 turns
  9656 | D:8      | Reached **** piety under Okawaru
  9667 | D:8      | Paralysed by a hornet for 1 turns
 10049 | D:8      | Noticed a two-headed ogre
 10069 | D:8      | Found a snail-covered altar of Cheibriados.
 10083 | D:8      | HP: 2/88 [two-headed ogre/+0 giant club (18)]
 10093 | D:8      | Killed a two-headed ogre
 10093 | D:8      | Reached ***** piety under Okawaru
 10093 | D:8      | Reached skill level 8 in Fighting
 10462 | D:9      | Reached XP level 11. HP: 54/94 MP: 13/15
 10772 | D:9      | Found a shattered altar of Ashenzari.
 10777 | D:9      | Saw a vision of the Shoals and the Snake Pit.
 10859 | D:9      | Noticed Psyche
 10872 | D:9      | Killed Psyche
 10963 | D:9      | Noticed a two-headed ogre
 11027 | D:8      | Killed a two-headed ogre
 11027 | D:8      | Received a gift from Okawaru
 11227 | D:9      | Got a bloodstained war axe
 11229 | D:9      | Identified the +1 war axe of Beyond {drain, rElec Str+2
                  | Int-3} (You found it on level 9 of the Dungeon)
 11417 | D:9      | Noticed Harold
 11439 | D:9      | Killed Harold
 11850 | D:9      | Found a burning altar of Makhleb.
 12181 | D:9      | Found a runed translucent door.
 12192 | D:9      | Found an iron altar of Okawaru.
 12207 | D:9      | Received a gift from Okawaru
 12241 | D:9      | Found an opulent altar of Gozag.
 12475 | D:9      | Found a sparkling altar of Nemelex Xobeh.
 12538 | D:9      | Found a radiant altar of Vehumet.
 12663 | D:9      | Found a bloodstained altar of Trog.
 12819 | D:9      | Noticed a flayed ghost
 12829 | D:9      | Killed a flayed ghost
 12829 | D:9      | Reached skill level 9 in Fighting
 12829 | D:9      | Reached skill level 10 in Armour
 12829 | D:9      | Reached XP level 12. HP: 104/104 MP: 15/18
 12945 | D:10     | Entered Level 10 of the Dungeon
 12979 | D:10     | Identified a scroll of acquirement
 13737 | D:11     | Noticed a two-headed ogre
 13746 | D:11     | Killed a two-headed ogre
 13789 | D:11     | Found a staircase to the Orcish Mines.
 13816 | D:11     | Noticed a death yak
 13817 | D:11     | Found a staircase to the Lair.
 13817 | D:11     | Noticed a death yak
 13817 | D:11     | Noticed a death yak
 13817 | D:11     | Noticed a death yak
 13817 | D:11     | Noticed a death yak
 13818 | D:11     | Noticed a death yak
 13818 | D:11     | Noticed a death yak
 13836 | D:11     | Killed a death yak
 13839 | D:11     | Killed a death yak
 13847 | D:11     | Killed a death yak
 13854 | D:11     | Killed a death yak
 13854 | D:11     | Received a gift from Okawaru
 13863 | D:11     | Killed a death yak
 13871 | D:11     | Killed a death yak
 13871 | D:11     | Reached skill level 10 in Shields
 13873 | D:11     | Noticed a two-headed ogre
 13880 | D:11     | Killed a death yak
 13886 | D:11     | Killed a two-headed ogre
 14461 | D:12     | Reached skill level 10 in Invocations
 14856 | D:12     | Reached XP level 13. HP: 75/113 MP: 20/20
 15368 | D:12     | Reached skill level 10 in Fighting
 15431 | D:11     | Reached skill level 15 in Axes
 15827 | D:12     | Reached ****** piety under Okawaru
 15827 | D:12     | Received a gift from Okawaru
 15939 | D:12     | Noticed Maurice
 15963 | D:12     | Killed Maurice
 17611 | D:13     | Found a flagged portal.
 17632 | D:13     | Got an encrusted hand axe
 17633 | D:13     | Identified the cursed +1 hand axe "Evuloull" {flame, Dex+8}
                  | (You found it on level 13 of the Dungeon)
 17639 | Bailey   | Entered a bailey
 17992 | Bailey   | Found an iron altar of Okawaru.
 18000 | Bailey   | Reached skill level 1 in Evocations
 18185 | Bailey   | Identified the Grimoire of the Manifold Dances
 18444 | Bailey   | Gained mutation: Your mind is acute. (Int +2) [potion of
                  | mutation]
 18444 | Bailey   | Gained mutation: Your muscles are strong. (Str +2) [potion
                  | of mutation]
 18445 | Bailey   | Lost mutation: Your mind is acute. (Int +2) [potion of
                  | mutation]
 18445 | Bailey   | Lost mutation: Your muscles are strong. (Str +2) [potion of
                  | mutation]
 18445 | Bailey   | Gained mutation: You possess an exceptional clarity of
                  | mind. [potion of mutation]
 18445 | Bailey   | Gained mutation: Your mind is acute. (Int +2) [potion of
                  | mutation]
 18445 | Bailey   | Gained mutation: Your spells are a little harder to cast,
                  | but a little more powerful. [potion of mutation]
 18701 | D:13     | Found a portal to a secret trove of treasure.
 18968 | D:13     | Noticed an ice dragon
 18985 | D:13     | Killed an ice dragon
 19569 | D:14     | Received a gift from Okawaru
 19786 | D:14     | Noticed a vault guard
 19870 | D:14     | Noticed Snorg
 19886 | D:14     | Killed Snorg
 19919 | D:14     | Noticed Rupert
 20337 | D:14     | Killed Rupert
 20337 | D:14     | Reached skill level 11 in Fighting
 20337 | D:14     | Reached XP level 14. HP: 124/124 MP: 14/22
 20498 | D:14     | Paralysed by an ogre mage for 6 turns
 20554 | D:14     | Reached skill level 5 in Throwing
 20763 | D:14     | Noticed Nessos
 20774 | D:14     | Killed Nessos
 21054 | D:14     | Found a gate to the Vaults.
 21074 | D:14     | Received a gift from Okawaru
 21275 | D:15     | Entered Level 15 of the Dungeon
 21663 | D:15     | Received a gift from Okawaru
 21743 | D:15     | Received a gift from Okawaru
 21743 | D:15     | Reached skill level 5 in Evocations
 22199 | D:15     | Received a gift from Okawaru
 22285 | D:15     | Found the +3 giant club "Skullcrusher" {speed, Str+7}
 22411 | D:15     | Found an opulent altar of Gozag.
 22666 | D:15     | Found a staircase to the Depths.
 22904 | Lair:1   | Entered Level 1 of the Lair of Beasts
 23469 | Lair:1   | Reached XP level 15. HP: 132/132 MP: 23/23
 23637 | Lair:2   | Reached skill level 12 in Fighting
 23801 | Lair:2   | Found a staircase to the Snake Pit.
 24095 | Lair:2   | Got a pair of transparent gloves
 24106 | Lair:2   | Identified the +1 pair of gloves of Zugoh {*Contam rN+
                  | Regen+} (You found it on level 2 of the Lair of Beasts)
 24401 | Lair:3   | Found a staircase to the Shoals.
 24788 | Lair:3   | Noticed Fannar
 24809 | Lair:3   | Killed Fannar
 25117 | Lair:4   | Received a gift from Okawaru
 25480 | Lair:4   | Received a gift from Okawaru
 25614 | Lair:4   | Found a large runed translucent door.
 25614 | Lair:4   | Found a large runed translucent door.
 25694 | Lair:4   | Noticed Afaug's ghost (journeyman MiFi)
 26959 | Lair:6   | Entered Level 6 of the Lair of Beasts
 26990 | Lair:6   | Reached skill level 13 in Fighting
 27278 | Lair:6   | Received a gift from Okawaru
 27281 | Lair:6   | Identified the +1 war axe "Humiag" {chop, *Drain rPois rF++
                  | Stlth+} (Okawaru gifted it to you on level 6 of the Lair of
                  | Beasts)
 27348 | Lair:6   | Reached XP level 16. HP: 126/144 MP: 24/24
 27552 | Lair:6   | Reached skill level 15 in Armour
 27671 | Lair:6   | Found a runed translucent door.
 27762 | Lair:6   | Received a gift from Okawaru
 27885 | Lair:6   | Paralysed by a hornet for 1 turns
 28121 | Lair:6   | Reached skill level 14 in Fighting
 28446 | Lair:6   | Found a viscous altar of Jiyva.
 28447 | Lair:6   | Found a staircase to the Slime Pits.
 28801 | Orc:1    | Entered Level 1 of the Orcish Mines
 28915 | Orc:1    | Found a dark tunnel.
 28926 | Volcano  | Entered a volcano
 29071 | Volcano  | Found a bloodstained altar of Trog.
 29075 | Volcano  | Received a gift from Okawaru
 29335 | Orc:1    | Found a transporter.
 29339 | Orc:1    | Noticed Ditsoc's ghost (journeyman DsFi)
 29369 | Orc:1    | Killed Ditsoc's ghost
 29376 | Orc:1    | Lost mutation: Your mind is acute. (Int +2) [a neqoxec]
 29378 | Orc:1    | Found a transporter.
 29821 | Orc:2    | Entered Level 2 of the Orcish Mines
 29837 | Orc:2    | Noticed Donald
 29861 | Orc:2    | Killed Donald
 30343 | Orc:2    | Found a roughly hewn altar of Beogh.
 30363 | Orc:2    | Found Exupsax's Gadget Emporium.
 30448 | Orc:2    | Found a staircase to the Elven Halls.
 30474 | Orc:2    | Found a roughly hewn altar of Beogh.
 30612 | Orc:2    | Reached XP level 17. HP: 154/154 MP: 25/25
 30653 | Orc:2    | Found Wagaitidgh's Antique Weapon Emporium.
 30653 | Orc:2    | Found a roughly hewn altar of Beogh.
 30655 | Orc:2    | Found Imokann's Antique Armour Shoppe.
 30801 | Orc:2    | Found a roughly hewn altar of Beogh.
 30838 | Orc:2    | Found a roughly hewn altar of Beogh.
 30838 | Orc:2    | Found Wues's Jewellery Shop.
 30879 | Orc:2    | Found a roughly hewn altar of Beogh.
 31124 | Snake:1  | Entered Level 1 of the Snake Pit
 31133 | Snake:1  | Reached skill level 15 in Fighting
 31187 | Snake:1  | Reached skill level 15 in Shields
 31375 | Snake:1  | Noticed Aizul
 31392 | Snake:1  | Killed Aizul
 31788 | Snake:1  | Received a gift from Okawaru
 33100 | Snake:2  | Received a gift from Okawaru
 33161 | Snake:2  | Reached skill level 16 in Fighting
 33751 | Snake:3  | Received a gift from Okawaru
 34061 | Snake:3  | Received a gift from Okawaru
 34107 | Snake:3  | Reached XP level 18. HP: 134/168 MP: 26/26
 34113 | Snake:3  | Learned a level 2 spell: Song of Slaying
 34142 | Snake:3  | Noticed Bopezi's ghost (adept VSAs)
 34151 | Snake:3  | Found a transporter.
 34211 | Snake:3  | Found a transporter.
 34221 | Snake:3  | Found a snail-covered altar of Cheibriados.
 34964 | Snake:3  | Reached skill level 1 in Charms
 34973 | Snake:3  | Reached skill level 1 in Spellcasting
 34979 | Snake:3  | Killed Bopezi's ghost
 34979 | Snake:3  | Reached skill level 17 in Fighting
 34993 | Snake:3  | Identified the cursed +0 pair of boots "Gagixa" {rElec rC-
                  | MR+ Str+2} (You found it on level 3 of the Snake Pit)
 35052 | Snake:4  | Entered Level 4 of the Snake Pit
 35079 | Snake:4  | Received a gift from Okawaru
 35102 | Snake:4  | Found a frozen archway.
 35179 | IceCv    | Entered an ice cave
 37106 | Snake:4  | Received a gift from Okawaru
 37322 | Snake:4  | Reached skill level 18 in Fighting
 37422 | Snake:4  | Got a serpentine rune of Zot
 37648 | Shoals:1 | Entered Level 1 of the Shoals
 37791 | Shoals:1 | Reached XP level 19. HP: 169/179 MP: 27/27
 38479 | Shoals:1 | Gained mutation: You are dopey. (Int -2) [mutagenic glow]
 38529 | Shoals:2 | Received a gift from Okawaru
 39311 | Shoals:3 | Noticed Bai Suzhen
 39338 | Shoals:3 | Killed Bai Suzhen
 39664 | Shoals:3 | Noticed Mara
 39689 | Shoals:3 | Killed Mara
 40390 | Shoals:4 | Entered Level 4 of the Shoals
 40966 | Shoals:4 | Received a gift from Okawaru
 41051 | Shoals:4 | Got a flickering copper amulet
 41053 | Shoals:4 | Identified the amulet "Enamyo" {Harm *Drain Dex+4} (You
                  | found it on level 4 of the Shoals)
 41381 | Shoals:4 | Identified the +7 trident "Casack" {venom, rC++}
 41384 | Shoals:4 | Noticed p0werm0de's ghost (adept DDFi)
 41385 | Shoals:4 | Found a bloodstained altar of Trog.
 41394 | Shoals:4 | Identified the +2 demon trident of Hiclouc {speed, rPois
                  | rF+ Int+2}
 41405 | Shoals:4 | Found a transporter.
 41413 | Shoals:4 | Found a transporter.
 41452 | Shoals:4 | Identified the +8 arbalest of Uheerruc {venom, rPois rC+
                  | Dex+3 Stlth-}
 41487 | Shoals:4 | Got a barnacled rune of Zot
 41761 | Shoals:4 | Got a clouded iron ring
 41861 | Shoals:4 | Reached skill level 10 in Throwing
 41968 | Shoals:4 | Identified the ring "Puiw" {Ice Str+2 SInv} (You found it
                  | on level 4 of the Shoals)
 42288 | Vaults:1 | Entered Level 1 of the Vaults
 42371 | Vaults:1 | Reached skill level 5 in Charms
 42583 | Vaults:1 | Reached skill level 19 in Fighting
 42638 | Vaults:1 | Reached XP level 20. HP: 184/191 MP: 24/28
 42731 | Vaults:1 | Found a flickering gateway to a bazaar.
 42821 | Vaults:1 | Received a gift from Okawaru
 43646 | Vaults:1 | Reached skill level 5 in Spellcasting
 44640 | Vaults:2 | Found a staircase to the Crypt.
 44640 | Vaults:2 | Found an ancient bone altar of Kikubaaqudgha.
 44653 | Vaults:2 | Found a basalt altar of Yredelemnul.
 44658 | Vaults:2 | Reached skill level 20 in Fighting
 44696 | Vaults:2 | You fall into a shaft and drop 1 floor!
 45014 | Vaults:3 | Received a gift from Okawaru
 45039 | Vaults:3 | Identified the +5 quarterstaff of Affum {freeze, +Blink
                  | rPois Int+3 Dex+4}
 45087 | Vaults:3 | Reached XP level 21. HP: 77/201 MP: 25/29
 46038 | Vaults:3 | Found Huqomm's Weapon Shoppe.
 46415 | Vaults:2 | Received a gift from Okawaru
 46655 | Vaults:2 | Received a gift from Okawaru
 46732 | Vaults:2 | Reached skill level 21 in Fighting
 47388 | Vaults:4 | Identified the cursed +1 arbalest "Gor Alo" {penet, Int+6}
 47563 | Vaults:4 | Noticed Frederick
 47581 | Vaults:4 | Killed Frederick
 47869 | Vaults:4 | Reached XP level 22. HP: 160/213 MP: 32/32
 48009 | Vaults:4 | Found Yruanici's Antique Armour Emporium.
 48017 | Vaults:4 | Bought a slimy cloak for 323 gold pieces
 48017 | Vaults:4 | Bought a fine plate armour for 952 gold pieces
 48017 | Vaults:4 | Identified the +0 plate armour of Akhlic {Dex+3} (You
                  | bought it in a shop on level 4 of the Vaults)
 48019 | Vaults:4 | Identified the +0 cloak of Impressiveness {+Inv rPois rC+
                  | MR-} (You bought it in a shop on level 4 of the Vaults)
 48020 | Vaults:4 | Bought a runed shield for 255 gold pieces
 48103 | Vaults:4 | Noticed Sojobo
 48513 | Vaults:4 | Received a gift from Okawaru
 48626 | Vaults:4 | Killed Sojobo
 48747 | Vaults:4 | Received a gift from Okawaru
 48771 | Vaults:4 | Reached skill level 22 in Fighting
 48807 | Vaults:4 | Identified a +2 pair of boots of running (Okawaru gifted it
                  | to you on level 4 of the Vaults)
 49416 | Vaults:4 | Found the +6 arbalest "Damnation" {damnation}
 49508 | Vaults:5 | Entered Level 5 of the Vaults
 49936 | Vaults:5 | Identified the +8 hand axe of Prudence {chop, Str+7}
 49953 | Vaults:5 | Noticed a golden dragon
 49966 | Vaults:4 | Paralysed by a sphinx for 5 turns
 50270 | Vaults:5 | Received a gift from Okawaru
 50281 | Vaults:4 | Reached skill level 23 in Fighting
 50612 | Vaults:4 | Killed a golden dragon
 50952 | Vaults:5 | Noticed a golden dragon
 51394 | Vaults:5 | Reached XP level 23. HP: 135/227 MP: 33/33
 51766 | Vaults:5 | Received a gift from Okawaru
 51778 | Vaults:5 | Found the +3 warlock's mirror {reflect}
 51785 | Vaults:5 | Found the +2 pair of boots of the Assassin {Detection Stab+
                  | Stlth++}
 51796 | Vaults:5 | Identified the cursed +1 broad axe of Puymeobly {flame,
                  | rElec rPois MR+ Int-3} (You found it on level 5 of the
                  | Vaults)
 51798 | Vaults:5 | Got a clouded tin ring
 51800 | Vaults:5 | Identified the ring "Ziffuyk" {Str+3 Dex+2 Stlth+} (You
                  | found it on level 5 of the Vaults)
 51941 | Vaults:5 | Received a gift from Okawaru
 52269 | Vaults:5 | Received a gift from Okawaru
 52589 | Vaults:5 | Received a gift from Okawaru
 53245 | Vaults:5 | Found Joraeq's Magic Scroll Boutique.
 53264 | Vaults:5 | Killed a golden dragon
 53280 | Vaults:5 | Got a silver rune of Zot
 53515 | Vaults:5 | Upgraded the game from 0.25-a0-97-g19cdb01801 to
                  | 0.25-a0-98-g0cf78c2f83
 53797 | Elf:1    | Entered Level 1 of the Elven Halls
 53797 | Elf:1    | Found Gazof's Armour Shop.
 53800 | Elf:1    | Found Acoymoet's Food Boutique.
 53807 | Elf:1    | Reached skill level 24 in Fighting
 53849 | Elf:1    | Found Rupyt's General Store.
 53857 | Elf:1    | Received a gift from Okawaru
 54361 | Elf:1    | Identified the Collected Works on Companions
 54367 | Elf:1    | Learned a level 3 spell: Regeneration
 54375 | Elf:1    | Found Dops's Magic Scroll Boutique.
 54440 | Elf:1    | Received a gift from Okawaru
 54698 | Elf:1    | Reached skill level 1 in Necromancy
 54723 | Elf:1    | Found an ancient bone altar of Kikubaaqudgha.
 55021 | Elf:1    | Found Jeusa's Antique Weapon Shop.
 55095 | Elf:1    | Bought a scroll of brand weapon for 380 gold pieces
 55446 | Elf:2    | Found Esack's Jewellery Emporium.
 55455 | Elf:2    | Found Zakhethio's Gadget Shop.
 55605 | Elf:2    | Found Oteriam's Jewellery Emporium.
 55738 | Elf:2    | Reached XP level 24. HP: 238/238 MP: 33/33
 55758 | Elf:2    | Found a huge runed translucent gate.
 55758 | Elf:2    | Found a huge runed translucent gate.
 55760 | Elf:2    | Found a huge runed translucent gate.
 55763 | Elf:2    | Found a huge runed translucent gate.
 55764 | Elf:2    | Found a huge runed translucent gate.
 56071 | Elf:2    | Received a gift from Okawaru
 56207 | Elf:3    | Entered Level 3 of the Elven Halls
 56516 | Elf:3    | Found Egguj's Food Boutique.
 56553 | Elf:3    | Identified a ring of the Octopus King {AC+1 EV+1 Str+1
                  | Int+1 Dex+1 SInv}
 56572 | Elf:3    | Identified the +1 leather armour of Dim Light {rElec rN+
                  | Int+2}
 56589 | Elf:3    | Reached skill level 15 in Throwing
 56812 | Elf:3    | Identified the ring "Atootwaock" {Dex+6 Slay+2} (You found
                  | it on level 3 of the Elven Halls)
 56816 | Elf:3    | Identified the +2 chain mail of an ossuary {rN+ Dex+2} (You
                  | found it on level 3 of the Elven Halls)
 57325 | Elf:3    | Found Ceobua's Weapon Shoppe.
 58017 | Crypt:1  | Entered Level 1 of the Crypt
 58523 | Lair:4   | Lost mutation: You are dopey. (Int -2) [potion of mutation]
 58523 | Lair:4   | Lost mutation: You possess an exceptional clarity of mind.
                  | [potion of mutation]
 58523 | Lair:4   | Lost mutation: Your spells are a little harder to cast, but
                  | a little more powerful. [potion of mutation]
 58523 | Lair:4   | Gained mutation: You have a pair of small horns on your
                  | head. [potion of mutation]
 58523 | Lair:4   | Gained mutation: Your magical capacity is low. (-10% MP)
                  | [potion of mutation]
 58523 | Lair:4   | Gained mutation: You expend magic power (3 MP) to
                  | strengthen your wands. [potion of mutation]
 58665 | Shoals:4 | Lost mutation: You have a pair of small horns on your head.
                  | [potion of mutation]
 58665 | Shoals:4 | Lost mutation: You expend magic power (3 MP) to strengthen
                  | your wands. [potion of mutation]
 58665 | Shoals:4 | Lost mutation: Your magical capacity is low. (-10% MP)
                  | [potion of mutation]
 58665 | Shoals:4 | Gained mutation: You are frail. (-10% HP) [potion of
                  | mutation]
 58665 | Shoals:4 | Gained mutation: You are partially covered in slimy green
                  | scales. (AC +2) [potion of mutation]
 58825 | Snake:4  | Lost mutation: You are frail. (-10% HP) [potion of
                  | mutation]
 58825 | Snake:4  | Gained mutation: Your mind is acute. (Int +2) [potion of
                  | mutation]
 58825 | Snake:4  | Gained mutation: You are clumsy. (Dex -2) [potion of
                  | mutation]
 58825 | Snake:4  | Gained mutation: You possess an exceptional clarity of
                  | mind. [potion of mutation]
 59341 | Crypt:1  | Received a gift from Okawaru
 59508 | Crypt:1  | Reached skill level 5 in Necromancy
 59519 | Crypt:1  | Learned a level 2 spell: Passwall
 60275 | Crypt:2  | Reached skill level 1 in Earth Magic
 60546 | Crypt:2  | Reached skill level 1 in Transmutations
 60631 | Crypt:2  | Noticed Boris
 60638 | Crypt:2  | Killed Boris
 60638 | Crypt:2  | Reached XP level 25. HP: 245/248 MP: 34/34
 60810 | Crypt:2  | Reached skill level 25 in Fighting
 60905 | Crypt:3  | Entered Level 3 of the Crypt
 60913 | Crypt:3  | Noticed an ancient lich
 60924 | Crypt:3  | Killed an ancient lich
 60924 | Crypt:3  | Received a gift from Okawaru
 61012 | Crypt:3  | Noticed an ancient lich
 61023 | Crypt:3  | Killed an ancient lich
 61028 | Crypt:3  | Noticed an ancient lich
 61039 | Crypt:3  | Killed an ancient lich
 61039 | Crypt:3  | Received a gift from Okawaru
 61189 | Crypt:3  | Found a staircase to the Tomb.
 61215 | Crypt:3  | Received a gift from Okawaru
 61288 | Crypt:3  | Received a gift from Okawaru
 61300 | Crypt:3  | Got a bloodstained plate armour {god gift}
 61311 | Crypt:3  | Identified the +3 plate armour "Uvamidgh" {rPois MR+++}
                  | (Okawaru gifted it to you on level 3 of the Crypt)
 61454 | Crypt:3  | Noticed Jory
 61470 | Crypt:3  | Killed Jory
 61550 | Crypt:3  | Found the +8 frozen axe "Frostbite" {freezing cloud, *Noise
                  | +Fly rC+}
 61551 | Crypt:3  | Found the +8 demon blade "Bloodbane" {slice, *Rage +Rage
                  | Stlth-}
 61563 | Crypt:3  | Identified the +1 chain mail of Impermeability {rElec MR-
                  | rCorr Str+9} (You found it on level 3 of the Crypt)
 62587 | Depths:1 | Entered Level 1 of the Depths
 62645 | Depths:1 | Found a one-way gate leading to the halls of Pandemonium.
 62691 | Depths:1 | Found a gateway to Hell.
 62765 | Depths:1 | Found a magical portal.
 62804 | WizLab   | Noticed an ancient lich
 62814 | WizLab   | Killed an ancient lich
 63202 | Depths:1 | Reached skill level 5 in Earth Magic
 63398 | Depths:1 | Reached XP level 26. HP: 260/260 MP: 33/35
 63545 | Depths:1 | Received a gift from Okawaru
 63624 | Depths:1 | Noticed Boris
 63648 | Depths:1 | Killed Boris
 64165 | Depths:1 | Reached skill level 26 in Fighting
 64470 | Depths:1 | Identified the +0 pair of gloves of the Dragon {rF+ rC+
                  | SInv} (Okawaru gifted it to you on level 1 of the Depths)
 65655 | Depths:2 | Received a gift from Okawaru
 65828 | Depths:3 | Received a gift from Okawaru
 66212 | Depths:3 | Noticed Boris
 66216 | Depths:3 | Reached skill level 27 in Fighting
 66230 | Depths:3 | Reached XP level 27. HP: 254/273 MP: 36/36
 66232 | Depths:3 | Killed Boris
 66232 | Depths:3 | Received a gift from Okawaru
 66858 | Depths:4 | Found a one-way gate to the infinite horrors of the Abyss.
 66860 | Depths:4 | Gained mutation: You are frail. (-10% HP) [a shining eye]
 66862 | Depths:4 | Gained mutation: Your magical capacity is low. (-10% MP) [a
                  | shining eye]
 66990 | Depths:4 | Noticed Boris
 67012 | Depths:4 | Killed Boris
 67682 | Depths:5 | Entered Level 5 of the Depths
 67683 | Depths:5 | Noticed Mennas
 67714 | Depths:5 | Killed Mennas
 67958 | Depths:5 | Received a gift from Okawaru
 67991 | Depths:5 | Identified the +12 war axe of Darkness {speed, rF+ rC+
                  | Str-2 Dex+2} (Okawaru gifted it to you on level 5 of the
                  | Depths)
 68306 | Depths:5 | Found a gateway to a ziggurat.
 68623 | Depths:5 | Learned a level 5 spell: Borgnjor's Vile Clutch
 68698 | Depths:5 | Found a gate to the Realm of Zot.
 70227 | Zot:1    | Entered Level 1 of the Realm of Zot
 70347 | Zot:1    | Received a gift from Okawaru
 70910 | Zot:1    | Received a gift from Okawaru
 70966 | Zot:1    | Noticed an orb of fire
 70974 | Zot:1    | Gained mutation: Armour fits poorly on your strangely
                  | shaped body. [an orb of fire]
 70977 | Zot:1    | Gained mutation: You are very clumsy. (Dex -4) [an orb of
                  | fire]
 70979 | Zot:1    | Killed an orb of fire
 70979 | Zot:1    | Received a gift from Okawaru
 70979 | Zot:1    | Reached skill level 1 in Dodging
 72033 | Zot:2    | Received a gift from Okawaru
 72200 | Zot:2    | Received a gift from Okawaru
 72546 | Zot:2    | Found a large runed translucent door.
 72548 | Zot:2    | Found a large runed translucent door.
 72557 | Zot:2    | Noticed Bazurgheq's ghost (legendary SpAs)
 72596 | Zot:2    | Received a gift from Okawaru
 73214 | Zot:2    | Killed Bazurgheq's ghost
 73295 | Depths:5 | Found the +8 mithril axe "Arga" {speed, MR+}
 74706 | Vaults:5 | Bought a scroll of enchant armour for 90 gold pieces
 76907 | Zot:3    | Received a gift from Okawaru
 77437 | Zot:3    | Reached skill level 5 in Dodging
 78122 | Zot:4    | Received a gift from Okawaru
 79197 | Zot:5    | Entered Level 5 of the Realm of Zot
 79370 | Zot:5    | Received a gift from Okawaru
 80320 | Orc:2    | Bought a wand of digging (6) for 220 gold pieces
 80320 | Orc:2    | Bought a wand of digging (4) for 176 gold pieces
 80401 | Elf:2    | Bought a wand of digging (2) for 192 gold pieces
 80401 | Elf:2    | Bought a phantom mirror for 480 gold pieces
 81290 | Zot:5    | Noticed an ancient lich
 81299 | Zot:5    | Killed an ancient lich
 81320 | Zot:5    | Noticed an ancient lich
 81324 | Zot:5    | Killed an ancient lich
 81421 | Zot:5    | Noticed an orb of fire
 81443 | Zot:5    | Killed an orb of fire
 81443 | Zot:5    | Received a gift from Okawaru
 81446 | Zot:5    | Identified the +3 hand axe of Prescription {holy, +Inv
                  | Str+6 SInv} (Okawaru gifted it to you on level 5 of the
                  | Realm of Zot)
 81464 | Zot:5    | Noticed an ancient lich
 81468 | Zot:5    | Noticed an orb of fire
 81469 | Zot:5    | Killed an ancient lich
 81469 | Zot:5    | Reached skill level 10 in Earth Magic
 81476 | Zot:5    | Killed an orb of fire
 81480 | Zot:5    | Noticed an ancient lich
 81483 | Zot:5    | Killed an ancient lich
 81611 | Zot:5    | Received a gift from Okawaru
 81640 | Zot:5    | Noticed an orb of fire
 81643 | Zot:5    | Killed an orb of fire
 81646 | Zot:5    | Noticed an orb of fire
 81649 | Zot:5    | Noticed an orb of fire
 81652 | Zot:5    | Killed an orb of fire
 81652 | Zot:5    | Received a gift from Okawaru
 81653 | Zot:5    | Killed an orb of fire
 81668 | Zot:5    | Noticed an ancient lich
 81676 | Zot:5    | Noticed an ancient lich
 81682 | Zot:5    | Killed an ancient lich
 81682 | Zot:5    | Received a gift from Okawaru
 81684 | Zot:5    | HP: 5/245 [Killer Klown/klown pie (26)]
 81689 | Zot:5    | Killed an ancient lich
 82204 | Zot:5    | Lost mutation: Your mind is acute. (Int +2) [potion of
                  | mutation]
 82204 | Zot:5    | Lost mutation: Armour fits poorly on your strangely shaped
                  | body. [potion of mutation]
 82204 | Zot:5    | Lost mutation: You are very clumsy. (Dex -4) [potion of
                  | mutation]
 82204 | Zot:5    | Lost mutation: You are frail. (-10% HP) [potion of
                  | mutation]
 82204 | Zot:5    | Gained mutation: You are occasionally teleported next to
                  | monsters. [potion of mutation]
 82204 | Zot:5    | Gained mutation: You passively map a small area around you.
                  | [potion of mutation]
 82205 | Zot:5    | Lost mutation: You are clumsy. (Dex -2) [potion of
                  | mutation]
 82205 | Zot:5    | Lost mutation: You passively map a small area around you.
                  | [potion of mutation]
 82205 | Zot:5    | Gained mutation: Your mind is acute. (Int +2) [potion of
                  | mutation]
 82205 | Zot:5    | Gained mutation: You are robust. (+10% HP) [potion of
                  | mutation]
 82205 | Zot:5    | Gained mutation: You are mostly covered in slimy green
                  | scales. (AC +3) [potion of mutation]
 82205 | Zot:5    | Gained mutation: Your flesh is heat resistant. (rF+)
                  | [potion of mutation]
 82206 | Zot:5    | Lost mutation: Your magical capacity is low. (-10% MP)
                  | [potion of mutation]
 82206 | Zot:5    | Lost mutation: You are occasionally teleported next to
                  | monsters. [potion of mutation]
 82206 | Zot:5    | Lost mutation: You possess an exceptional clarity of mind.
                  | [potion of mutation]
 82206 | Zot:5    | Lost mutation: Your flesh is heat resistant. (rF+) [potion
                  | of mutation]
 82206 | Zot:5    | Gained mutation: Your spells are a little easier to cast,
                  | but a little less powerful. [potion of mutation]
 82206 | Zot:5    | Gained mutation: You are agile. (Dex +2) [potion of
                  | mutation]
 82306 | Zot:5    | Got the Orb of Zot
 82632 | Depths:3 | Noticed Ykhuugh the pandemonium lord
 82632 | Depths:3 | Noticed an ancient lich
 82746 | Depths:1 | Noticed a seraph
 82812 | D:14     | Noticed Taef the pandemonium lord
 82888 | D:12     | Noticed Huz Fam the pandemonium lord
 83122 | D:$      | Escaped with the Orb!

Levels and vault maps discovered:
D:1:      dpeg_arrival_houses_and_road, layout_rooms
D:2:      layout_rooms, marbit_many_paths, first_ration, uniq_terence
D:3:      layout_rooms, gammafunk_temple_overflow_wave, old_standard_altar,
          minivault_11, trog_butcher_becter
D:4:      minmay_chambers_of_twos, layout_rooms, trog_eyes_of_draining
D:5:      layout_layer_cave, doesnt_xom_only_xom,
          nicolae_overflow_hidden_temple, kennysheep_little_box
D:6:      layout_loops_ring, minmay_temple_entry_junction, serial_bayou_lake_a
D:7:      layout_gridville, serial_shops, kennysheep_mini
D:8:      layout_basic, lemuel_coloured_pillars_altar,
          nicolae_ossuary_entry_false_entrances, hangedman_pestilent_swarm,
          hangedman_glass_garden, cheibriados_altar_1, uniq_erica
D:9:      due_megacathedral, layout_basic, grunt_ashenzari_visionary
          [grunt_ashenzari_visionary_shoals, grunt_ashenzari_visionary_snake],
          uniq_psyche, uniq_harold
D:10:     layout_loops_ring
D:11:     layout_roguey, dpeg_lair_monsters, david_orc_3,
          hangedman_weighted_door
D:12:     layout_small_grid, special_room [special_room_orc], uniq_maurice
D:13:     layout_irregular_city, enter_bailey_2, enter_trove_1,
          small_statue_intersection, wad_mini_maze
D:14:     layout_loops_ring, grunt_vaults_entry_fortified, minmay_misc_feat_iff,
          uniq_rupert, uniq_snorg, uniq_nessos
D:15:     grunt_enter_depths_snipers, layout_loops_ring,
          nicolae_gozag_cash_rules_everything_around_me,
          minmay_guarded_unrand_skullcrusher
Temple:   minmay_temple_bridge_abc
Lair:1:   layout_regular_city, st_stairs_11, grunt_megastairs_1,
          serial_bayou_shore_a
Lair:2:   layout_regular_city, minmay_snake_entry_six_corridors
Lair:3:   layout_loops_ring, shoals_dummy_entry, uniq_fannar
Lair:4:   cheibrodos_lair_river_kwai, layout_hall_layers,
          ebering_ghost_disaster_area
Lair:5:   layout_misc_corridors, serial_forest, infiniplex_forest_lined_3,
          infiniplex_forest_clump_long, infiniplex_forest_clump_curved,
          infiniplex_forest_side_room, infiniplex_forest_straight_2,
          infiniplex_forest_clump_double, infiniplex_forest_straight_3,
          st_stairs_12, zaba_anthell, lemuel_fruit_tree
Lair:6:   hangedman_lair_in_review, layout_regular_city, wormcave,
          dpeg_slime_entry_enclosed_altar, minmay_lair_oklob_chamber
Shoals:1: layout_shoals
Shoals:2: layout_shoals
Shoals:3: layout_shoals, uniq_bai_suzhen, uniq_mara
Shoals:4: shoals_end_hangedman, layout_shoals, gammafunk_ghost_wrathful_warriors
Snake:1:  layout_misc_corridors, drop_trap, eino_curves_02, uniq_aizul
Snake:2:  layout_basic, serial_bayou_lagoon_a, nicolae_coiled_stairwell_up
Snake:3:  layout_concentric_octagons, gammafunk_ghost_berserking_beasts,
          basic_altar, serial_bayou_crossing
Snake:4:  minmay_snake_end_coiled, layout_basic,
          portal_ice_cave_entry_pillars_1, guppyfry_library_mini
Orc:1:    layout_diamond_mine, enter_volcano_4, gammafunk_ghost_stat_death,
          mines4_lemuel
Orc:2:    grunt_orc_community_town_hall, layout_caves,
          grunt_orc_community_big_house_2, grunt_orc_community_big_house_1,
          grunt_orc_community_house_2, grunt_orc_community_house_1,
          grunt_orc_community_house_3, grunt_orc_community_house_2,
          grunt_orc_community_house_1, uniq_donald
Elf:1:    layout_geoelf_diagonals, serial_shops, shop, shop, nicolae_shop_trees,
          nicolae_shop_crystal, nicolae_shop_stone, basic_altar,
          minmay_elf_demonology
Elf:2:    layout_geoelf_octagon, minmay_shop_grove
Elf:3:    grunt_elf_hall_branching, layout_loops_corners, serial_shops, shop,
          shop
Vaults:1: nicolae_vaults_circle_grid_a, vaults_room_ringed_pool, v_misc_28,
          vaults_standard_mumra_enter_the_diamond, hangedman_vaults_nails,
          ontoclasm_vaults_idyll, dpeg_vaults_monster_box, vaults_room_hallway,
          vaults_dpeg_encased_lava, vaults_mumra_hex, hangedman_vaults_maws,
          layout_vaults_omnibox, serial_shops, freezing_bzr
Vaults:2: nicolae_vaults_little_squares_4, nicolae_vaults_network_quinsquares
          [nicolae_vaults_network_quincunx_subvault,
          nicolae_vaults_network_quincunx_subvault,
          nicolae_vaults_network_quincunx_subvault,
          nicolae_vaults_network_quincunx_subvault],
          nicolae_vaults_mini_display_case, nicolae_vaults_rhombus_7,
          minmay_crypt_entry_necro_gods, grunt_vaults_funnel, v_misc_13,
          nicolae_vaults_little_squares_4, ontoclasm_vaults_idyll,
          hangedman_vaults_trim, layout_vaults_omnigrid
Vaults:3: v_pattern_4, st_octagons_1, nicolae_vaults_arrows,
          nicolae_vaults_ninety_degrees, v_misc_31, v_misc_5, v_rooms_4,
          grunt_vaults_diagonal, ontoclasm_vaults_ring_square,
          layout_vaults_maze_bifur, serial_shops, nicolae_shop_stone
Vaults:4: nicolae_vaults_windows_and_doors_thing,
          nicolae_vaults_yaktaur_gun_rack, nicolae_vaults_circle_grid_b,
          hangedman_vaults_stream, nicolae_vaults_network_s, v_misc_22,
          hangedman_vaults_unwind, vaults_room_pools, v_misc_16,
          vaults_room_fours, vaults_room_grid, nicolae_vaults_shelves_hall,
          layout_vaults_ring, serial_shops, shop, uniq_sojobo, uniq_frederick
Vaults:5
Crypt:1:  layout_chaotic_city, grunt_megastairs_4
Crypt:2:  layout_gridlike, uniq_boris
Crypt:3:  due_elkab, layout_chaotic_city, grunt_ministairs_15
Depths:1: layout_gridlike, pf_vacation_house_of_asmodeus,
          grunt_decor_resistance, infiniplex_enter_wizlab_spiral,
          grunt_pan_entry_sceptre, minmay_evil_grid
Depths:2: evilmike_marble_ring, layout_basic, rand_demon_pan_entry_4,
          grunt_hell_entry_dis_mu, nicolae_water_bricks, grunt_ministairs_1,
          minmay_misc_feat_encased
Depths:3: lemuel_troll_bridge, layout_gridville, hangedman_decor_growths,
          pf_coc_iceberg, rand_demon_pan_entry_3, serial_bayou_shore_b
Depths:4: minmay_skeletal_surprise, layout_cave_pools, hellmouth_1, abyss_entry
Depths:5: grunt_zot_entry_bicorn, layout_cave_pools, enter_ziggurat_a,
          rand_demon_pan_entry_9, infiniplex_staircase_pool_lava, hell_entry,
          uniq_mennas
Zot:1:    layout_basic, grunt_ministairs_13
Zot:2:    layout_cathedral_of_symmetry, ebering_ghost_disaster_area
Zot:3:    layout_gridlike, st_single_dragon_hoard_3
Zot:4:    nicolae_zot_stationary_front, layout_cathedral_of_symmetry
Zot:5:    layout_twisted_circle

Skill      XL: |  1  2  3  4  5  6  7  8  9 10 11 12 13 14 15 16 17 18 19 20 21 22 23 24 25 26 27 |
---------------+----------------------------------------------------------------------------------+-----
Fighting       | 4 5 6 7 8 9 11 13 14 16 18 19 20 21 23 24 25 27 | 27.0
Armour         | 4 5 6 7 8 10 11 12 13 14 15 17 18 19 20 21 22 23 | 23.0
Shields        | 4 5 6 7 8 9 10 11 13 14 15 17 | 17.3
Axes           | 1 4 5 7 10 11 13 14 16 17 19 | 19.9
Throwing       | 2 3 4 5 6 7 8 10 11 12 14 15 16 17 22 | 22.0
Invocations    | 4 6 8 10 11 12 | 12.1
Evocations     | 3 5 6 9 |  9.4
Charms         | 3 5 6 8 |  8.1
Spellcasting   | 2 4 5 7 8 9 |  9.2
Necromancy     | 2 5 6 7 |  7.0
Earth Magic    | 1 5 6 14 | 14.2
Transmutations | 1 3 4 |  4.8
Dodging        | 6 |  6.9
Long Blades    | |  0.1
Polearms       | |  2.1
Unarmed Combat | |  0.5

Action                   |  1- 3 |  4- 6 |  7- 9 | 10-12 | 13-15 | 16-18 | 19-21 | 22-24 | 25-27 || total
-------------------------+-------+-------+-------+-------+-------+-------+-------+-------+-------++-------
Melee: Trident           |   116 |    90 |       |       |       |       |       |       |       ||   206
       Hand axe          |       |   173 |   239 |       |    50 |    33 |       |       |       ||   495
       Spear             |       |     3 |       |       |       |       |       |       |       ||     3
       War axe           |       |       |   194 |   718 |  1000 |    33 |       |    27 |   501 ||  2473
       Scimitar          |       |       |       |       |    25 |       |       |       |       ||    25
       Broad axe         |       |       |       |       |    72 |  1336 |  1215 |  1109 |  1681 ||  5413
       Unarmed           |       |       |       |       |       |       |       |       |    10 ||    10
Throw: Dart              |       |       |    71 |    17 |    18 |       |     9 |       |       ||   115
       Boomerang         |       |       |       |    10 |    33 |     2 |    84 |   107 |       ||   236
       Javelin           |       |       |       |     6 |    40 |     5 |       |   113 |   314 ||   478
       Throwing net      |       |       |       |     1 |       |       |     2 |       |       ||     3
 Cast: Song of Slaying   |       |       |       |       |       |       |    36 |    39 |   127 ||   202
       Regeneration      |       |       |       |       |       |       |       |     9 |    85 ||    94
       Passwall          |       |       |       |       |       |       |       |       |     7 ||     7
Invok: Heroism           |       |       |     1 |     9 |    11 |     7 |     9 |    13 |    12 ||    62
       Finesse           |       |       |       |     3 |     6 |     7 |     7 |    13 |     6 ||    42
 Abil: Evoke Invisibilit |       |       |       |       |       |     1 |       |       |       ||     1
Evoke: Wand              |       |       |       |     4 |     6 |     2 |       |     7 |    11 ||    30
       Box of beasts     |       |       |       |       |     2 |       |       |       |       ||     2
  Use: Potion            |     1 |       |       |     5 |     4 |     3 |     1 |    15 |    24 ||    53
       Scroll            |       |       |       |    25 |    24 |    11 |     3 |    17 |    30 ||   110
 Stab: Held in net/web   |       |       |       |     1 |       |       |       |       |       ||     1
       Invisible         |       |       |       |       |     2 |     4 |       |       |       ||     6
       Distracted        |       |       |       |       |     1 |       |       |     4 |    15 ||    20
       Paralysed         |       |       |       |       |     5 |       |       |       |       ||     5
  Eat: Chunk             |       |     8 |    14 |    28 |    35 |    17 |    34 |    12 |    25 ||   173
       Ration            |       |       |     1 |     1 |       |     5 |       |     9 |    15 ||    31
Armor: Scale mail        |    46 |       |       |       |       |       |       |       |       ||    46
       Plate armour      |       |   110 |   217 |   354 |   418 |   387 |   358 |   542 |   608 ||  2994
       Chain mail        |       |    14 |       |       |    79 |       |       |       |       ||    93
       Gold dragon scale |       |       |       |       |       |       |       |       |   230 ||   230
Dodge: Dodged            |    37 |    34 |    58 |   148 |   191 |   169 |   144 |   201 |   354 ||  1336
Block: Shield            |    47 |   136 |   226 |   411 |   554 |  1074 |   927 |   833 |  1289 ||  5497
       Reflection        |       |       |       |       |     2 |   145 |   125 |    85 |   107 ||   464
       Buckler           |       |       |       |       |       |       |       |       |    75 ||    75
       Rpst.: Scimitar   |       |       |       |       |     1 |       |       |       |       ||     1

Table legend:
 A = Non-vault XP
 B = Vault XP
 C = Vault XP percentage of total XP
 D = Non-vault monster count
 E = Vault monster count
 F = Vault count percentage of total count
                 A         B        C        D         E       F
            +---------+---------+-------+---------+---------+-------
      Total | 1020848 |  845760 |  45.3 |    1772 |    1065 |  37.5
            +---------+---------+-------+---------+---------+-------
        D:1 |      51 |       0 |   0.0 |      23 |       0 |   0.0
        D:2 |      51 |      37 |  42.0 |      13 |       2 |  13.3
        D:3 |      25 |       6 |  19.4 |       9 |       4 |  30.8
        D:4 |     231 |     173 |  42.8 |      12 |       7 |  36.8
        D:5 |     980 |       0 |   0.0 |      31 |       0 |   0.0
        D:6 |     837 |       0 |   0.0 |      19 |       0 |   0.0
        D:7 |    1519 |       0 |   0.0 |      31 |       0 |   0.0
        D:8 |    2950 |    1933 |  39.6 |      18 |       5 |  21.7
        D:9 |    5749 |    3196 |  35.7 |     130 |       8 |   5.8
       D:10 |    1647 |       0 |   0.0 |      16 |       0 |   0.0
       D:11 |    3054 |    7204 |  70.2 |      10 |      17 |  63.0
       D:12 |    7613 |    1774 |  18.9 |      43 |      16 |  27.1
       D:13 |    2464 |    1869 |  43.1 |      14 |       3 |  17.6
       D:14 |    5775 |   11779 |  67.1 |      14 |      13 |  48.1
       D:15 |   12155 |    6897 |  36.2 |      27 |      23 |  46.0
     Lair:1 |    2915 |     630 |  17.8 |      10 |       4 |  28.6
     Lair:2 |    4560 |    1597 |  25.9 |      23 |      14 |  37.8
     Lair:3 |    2813 |    1002 |  26.3 |      14 |       1 |   6.7
     Lair:4 |    6433 |    2875 |  30.9 |      15 |       6 |  28.6
     Lair:5 |    3846 |    7877 |  67.2 |      15 |      48 |  76.2
     Lair:6 |   16677 |   22970 |  57.9 |      50 |      47 |  48.5
   Shoals:1 |   11524 |       0 |   0.0 |      21 |       0 |   0.0
   Shoals:2 |    7758 |       0 |   0.0 |      16 |       0 |   0.0
   Shoals:3 |    7808 |   13424 |  63.2 |      18 |       2 |  10.0
   Shoals:4 |   12924 |   16305 |  55.8 |      27 |      29 |  51.8
    Snake:1 |   20327 |    1676 |   7.6 |      42 |       1 |   2.3
    Snake:2 |   14962 |     787 |   5.0 |      29 |       1 |   3.3
    Snake:3 |   26299 |    9014 |  25.5 |      56 |      11 |  16.4
    Snake:4 |   16760 |   28495 |  63.0 |      29 |      52 |  64.2
      Orc:1 |    7681 |    2428 |  24.0 |      41 |      19 |  31.7
      Orc:2 |    2403 |   10173 |  80.9 |      15 |      68 |  81.9
      Elf:1 |   19876 |    7021 |  26.1 |      32 |      11 |  25.6
      Elf:2 |   20206 |   23004 |  53.2 |      35 |      27 |  43.5
      Elf:3 |   17833 |   46806 |  72.4 |      30 |      32 |  51.6
   Vaults:1 |   47984 |   15235 |  24.1 |      74 |      33 |  30.8
   Vaults:2 |   40713 |    6195 |  13.2 |      65 |      13 |  16.7
   Vaults:3 |   20173 |   39268 |  66.1 |      26 |      55 |  67.9
   Vaults:4 |   38876 |   88355 |  69.4 |      65 |      83 |  56.1
   Vaults:5 |   23554 |   80675 |  77.4 |      47 |      50 |  51.5
    Crypt:1 |   29564 |    2090 |   6.6 |      58 |       2 |   3.3
    Crypt:2 |   18906 |    5660 |  23.0 |      29 |       1 |   3.3
    Crypt:3 |   48521 |   45772 |  48.5 |      44 |      67 |  60.4
   Depths:1 |   49983 |   16585 |  24.9 |      71 |      23 |  24.5
   Depths:2 |   33435 |   24519 |  42.3 |      56 |      28 |  33.3
   Depths:3 |   60511 |   11745 |  16.3 |      80 |      18 |  18.4
   Depths:4 |   29814 |     934 |   3.0 |      33 |       4 |  10.8
   Depths:5 |   36338 |   33054 |  47.6 |      37 |      20 |  35.1
      Zot:1 |   42548 |    8709 |  17.0 |      19 |       5 |  20.8
      Zot:2 |   43862 |    4800 |   9.9 |      28 |       1 |   3.4
      Zot:3 |   89726 |    4399 |   4.7 |      48 |       1 |   2.0
      Zot:4 |   62267 |   10971 |  15.0 |      46 |       8 |  14.8
      Zot:5 |   35367 |  184242 |  83.9 |      18 |      43 |  70.5
    Ossuary |       0 |     696 | 100.0 |       0 |      33 | 100.0
     Bailey |       0 |    2962 | 100.0 |       0 |      43 | 100.0
      IceCv |       0 |    6441 | 100.0 |       0 |      26 | 100.0
    Volcano |       0 |    7401 | 100.0 |       0 |      18 | 100.0
     WizLab |       0 |   14100 | 100.0 |       0 |      19 | 100.0
            +---------+---------+-------+---------+---------+-------
